 Dungeon Crawl Stone Soup version 0.22-a0-283-g1871b15 (webtiles) character file.

70 4thArraOfDagon the Slasher (level 4, 0/33 HPs)
             Began as a Formicid Warper on Mar 18, 2018.
             Slain by a river rat (2 damage)
             ... in a sewer.
             The game lasted 00:03:50 (1153 turns).

4thArraOfDagon the Slasher (Formicid Warper)        Turns: 1153, Time: 00:03:50

Health: 0/33       AC:  6    Str: 15    XL:     4   Next: 44%
Magic:  7/7        EV: 11    Int: 12    God:
Gold:   130        SH:  0    Dex: 10    Spells: 7/7 levels left

rFire    . . .     SeeInvis +   a - +0 falchion
rCold    . . .     Gourm    .   (no shield)
rNeg     . . .     Faith    .   c - +1 ring mail
rPois    .         Spirit   .   (helmet unavailable)
rElec    .         Reflect  .   (no cloak)
rCorr    .         Harm     .   (no gloves)
MR       .....                  (no boots)
Stlth    ..........             i - amulet of inaccuracy (curse)
HPRegen  0.11/turn              j - -2 ring of intelligence (curse)
MPRegen  0.10/turn              (no ring)

@: no status effects
A: permanent stasis, dig shafts and tunnels, four strong arms, antennae 3,
sturdy frame 2
a: Dig, Shaft Self


You were in a sewer.
You were not hungry.

You visited 1 branch of the dungeon, and saw 5 of its levels.
You also visited: Sewer.

You collected 130 gold pieces.

Inventory:

Hand Weapons
 a - a +0 falchion (weapon)
Missiles
 e - 2 tomahawks of dispersal (quivered)
Armour
 c - a +1 ring mail (worn)
Jewellery
 h - an uncursed amulet of the gourmand
 i - a cursed amulet of inaccuracy (around neck)
 j - a cursed -2 ring of intelligence (left hand)
Scrolls
 d - a scroll of blinking
Potions
 g - a potion of mutation
Comestibles
 f - 3 rations


   Skills:
 - Level 2.1 Fighting
 * Level 4.3 Long Blades
 - Level 1.0 Throwing
 - Level 1.1 Armour
 - Level 1.7 Dodging
 - Level 2.1 Spellcasting
   Level 2.6 Translocations


You had 7 spell levels left.
You didn't know any spells.

Dungeon Overview and Level Annotations

Branches:
Dungeon (6/15)
 Temple: D:4-7

Altars:

Annotations:
D:1 Terence


Innate Abilities, Weirdness & Mutations

You cannot be hasted, slowed, berserked, paralysed or teleported.
You can dig through walls and to a lower floor.
Your four strong arms can wield two-handed weapons with a shield.
You have a pair of large antennae on your head. (SInv)
Your movements are less encumbered by armour. (ER -4)


Message History

* * * LOW HITPOINT WARNING * * *
You barely miss the river rat. The river rat closely misses you.
Throwing (i - inventory. (/) - cycle)
k - 2 poisoned tomahawks (quivered)
Press: ? - help, Shift-Dir - straight line, f - river rat
Aim: a river rat You throw a poisoned tomahawk.
The poisoned tomahawk misses the river rat.
You hear a splash.
The river rat bites you but does no damage.
Throwing (i - inventory. (/) - cycle)
k - a poisoned tomahawk (quivered)
Press: ? - help, Shift-Dir - straight line, f/p - river rat
Aim: a river rat You throw a poisoned tomahawk.
The poisoned tomahawk hits the river rat but does no damage.
The river rat is poisoned.
The river rat bites you.
* * * LOW HITPOINT WARNING * * *
Unknown command.
You barely miss the river rat. The river rat closely misses you.
The river rat bites you.
You die...

≈....
≈....
≈....#
≈≈....#
≈≈.....
≈.....r
.....rr##
#@# #.#
#.# #.#
#∩# #.#
..# ..##
..#


You could see a river rat and 2 rats.

Vanquished Creatures
  A hound skeleton (D:5)
  An adder (D:5)
  A shadow imp (D:5)
  4 dart slugs
  A leopard gecko (D:1)
  4 bats
  8 giant cockroaches
  2 hobgoblins (D:1)
  2 frilled lizards (D:1)
  4 kobolds (D:1)
  3 rats
31 creatures vanquished.

Notes
Turn   | Place    | Note
-------+----------+-------------------------------------------
     0 | D:1      | 4thArraOfDagon the Formicid Warper began the quest for the Orb.
     0 | D:1      | Reached XP level 1. HP: 16/16 MP: 3/3
   107 | D:1      | Reached XP level 2. HP: 19/22 MP: 5/5
   131 | D:1      | Reached skill level 3 in Long Blades
   228 | D:1      | Reached XP level 3. HP: 10/27 MP: 6/6
   328 | D:2      | Noticed Terence
   468 | D:1      | Gained mutation: You are clumsy. (Dex -2) [potion of mutation]
   468 | D:1      | Gained mutation: You occasionally shout uncontrollably at your foes. [potion of mutation]
   468 | D:1      | Gained mutation: Your movements are slightly less encumbered by armour. (ER -2) [potion of mutation]
   469 | D:1      | Lost mutation: You are clumsy. (Dex -2) [potion of mutation]
   469 | D:1      | Lost mutation: You occasionally shout uncontrollably at your foes. [potion of mutation]
   469 | D:1      | Gained mutation: Your body sometimes deteriorates upon taking damage. [potion of mutation]
   469 | D:1      | Lost mutation: Your body sometimes deteriorates upon taking damage. [potion of mutation]
   469 | D:1      | Gained mutation: Your movements are less encumbered by armour. (ER -4) [potion of mutation]
   937 | D:2      | You fall through a shaft!
   995 | D:3      | You fall through a shaft for 2 floors!
   995 | D:5      | Entered Level 5 of the Dungeon
  1005 | D:5      | You fall through a shaft!
  1031 | D:6      | Noticed a bullfrog
  1079 | D:5      | Found a glowing drain.
  1097 | D:5      | Reached skill level 4 in Long Blades
  1097 | D:5      | Reached XP level 4. HP: 24/33 MP: 7/7
  1140 | Sewer    | Entered a sewer
  1153 | Sewer    | Slain by a river rat

Vault maps used:
D:1:      dpeg_arrival_tiny_a
D:2:      grunt_temple_overflow_open, uniq_terence
D:3:      minmay_misc_feat_five, uniq_crazy_yiuf_cottage
D:5:      kiku_gazebo_garden_becter, first_ration, gup_sewer_entry_glass,
          uniq_duvessa
D:6:      fedhas_bush_and_centaur_altar, minmay_temple_entry_glass,
          serial_shops, shop, hangedman_abyss_or_decor_stagger,
          grunt_ministairs_11, uniq_pikel
Sewer:    sewer_minmay_treatment

Skill      XL: |  1  2  3 |
---------------+----------+-----
Long Blades    | 3 4 |  4.3
Fighting       | |  2.1
Throwing       | |  1.0
Armour         | |  1.1
Dodging        | |  1.7
Spellcasting   | |  2.1
Translocations | |  2.6

Action                   |  1- 3 |  4- 6 || total
-------------------------+-------+-------++-------
Melee: Falchion          |    99 |    20 ||   119
Throw: Tomahawk          |     6 |     2 ||     8
 Abil: Dig               |     5 |     2 ||     7
       Shaft Self        |     3 |       ||     3
  Use: Scroll            |     9 |       ||     9
       Potion            |     3 |       ||     3
  Eat: Ration            |     1 |       ||     1
Armor: Ring mail         |    53 |     8 ||    61
       Leather armour    |     1 |       ||     1
Dodge: Dodged            |    90 |    14 ||   104
       Rpst.: Falchion   |    19 |     5 ||    24

Table legend:
 A = Spawn XP
 B = Non-spawn XP
 C = Spawn XP percentage of total XP
 D = Spawn monster count
 E = Non-spawn monster count
 F = Spawn count percentage of total count
 G = Total turns spent on level
                    A         B        C        D         E        F      G
               +---------+---------+-------+---------+---------+-------+---------
         Total |       0 |     100 |   0.0 |       0 |      31 |   0.0 |  1153
               +---------+---------+-------+---------+---------+-------+---------
           D:1 |       0 |      40 |   0.0 |       0 |      20 |   0.0 |   642
           D:2 |       0 |       4 |   0.0 |       0 |       2 |   0.0 |   295
           D:3 |       0 |       4 |   0.0 |       0 |       1 |   0.0 |    58
           D:5 |       0 |      51 |   0.0 |       0 |       7 |   0.0 |   111
         Sewer |       0 |       1 |   0.0 |       0 |       1 |   0.0 |    13
               +---------+---------+-------+---------+---------+-------+---------
